 Dungeon Crawl Stone Soup version 0.27-a0-1347-gd8886f0a89 (webtiles) character file.

Game seed: 9501080044340812704

19 Shayle the Sneak (level 2, 0/25 HPs)
             Began as a Naga Hedge Wizard on June 28, 2021.
             Shot with a stone by a goblin (2 damage)
             ... led by Robin
             ... on level 1 of the Dungeon.
             The game lasted 00:03:05 (835 turns).

Shayle the Sneak (Naga Hedge Wizard)                 Turns: 835, Time: 00:03:06

Health: 0/25       AC:  1    Str: 12    XL:     2   Next: 75%
Magic:  6/6        EV: 10    Int: 14    God:
Gold:   64         SH:  0    Dex: 10    Spells: 6/7 levels left

rFire    . . .     SeeInvis +   a - +0 dagger
rCold    . . .     Faith    .   (no shield)
rNeg     . . .     Spirit   .   b - +0 robe
rPois    +         Reflect  .   c - +0 hat
rElec    .         Harm     .   (no cloak)
rCorr    .         Rampage  .   (no gloves)
Will     .....                  (no barding)
Stlth    ++........             (no amulet)
HPRegen  0.08/turn              (no ring)
MPRegen  0.10/turn              (no ring)

@: short of breath, very slow
A: AC +0, large, see invisible, deformed body, poison resistance, slowness 2,
spit poison 1, naga tail 1
a: Spit Poison


You were on level 1 of the Dungeon.
You visited 1 branch of the dungeon, and saw 2 of its levels.

You collected 64 gold pieces.

Inventory:

Hand Weapons
 a - a +0 dagger (weapon)
Armour
 b - a +0 robe (worn)
 c - a +0 hat (worn)
Scrolls
 d - a scroll of fog {unknown}
 g - a scroll of identify
Potions
 e - a potion of curing {unknown}
 f - a potion of might {unknown}
 h - a potion of magic {unknown}


   Skills:
 + Level 1.1 Fighting
 + Level 2.0 Dodging
 - Level 3.0 Stealth
 - Level 3.0 Spellcasting
 - Level 1.0 Conjurations
 - Level 1.0 Summonings
 - Level 1.0 Translocations
 + Level 1.2 Invocations


You had 6 spell levels left.
You knew the following spells:

 Your Spells              Type           Power      Damage    Failure   Level
a - Magic Dart            Conj           16%        1d3       14%         1

Your spell library contained the following spells:

 Spells                   Type           Power      Damage    Failure   Level
 Blink                    Tloc           N/A        N/A       22%         2
 Call Imp                 Summ           4%         N/A       22%         2
 Slow                     Hex            2%         N/A       32%         2
 Conjure Flame            Conj/Fire      3%         6-21      45%         3
 Mephitic Cloud           Conj/Pois/Air  3%         N/A       50%         3


Dungeon Overview and Level Annotations

Branches:
Dungeon (2/15)

Altars:

Annotations:
D:2 Robin


Innate Abilities, Weirdness & Mutations

Your serpentine skin is tough. (AC +0)
You have supernaturally acute eyesight. (SInv)
Armour fits poorly on your strangely shaped body.
Your system is resistant to poisons. (rPois)
You cover ground very slowly.
You can spit poison.
You have a snake-like lower body.


Message History

The goblin barely misses you.
There is an open door here.
You have got your breath back.
Press: ? - help, Shift-Dir - straight line, f - goblin
Aim: a goblin, wielding a +0 dagger The splash of poison hits the goblin.
The goblin is poisoned.
You kill the goblin!
You start resting.
You have got your breath back.
You start resting.
HP restored.
There is a stone staircase leading down here.
You climb downwards.
Level annotation: Robin A rat comes into view.
The hobgoblin shouts! x2; The goblin shouts!
The bat hits you but does no damage. The bat barely misses you.
Robin throws the goblin at you! The goblin hits you with a +0 club. x2
The hobgoblin hits you.
There is a stone staircase leading up, spattered with blood here.
The bat hits you but does no damage. The goblin barely misses you.
Robin throws the goblin at you! The goblin barely misses you.
The goblin closely misses you. The hobgoblin hits you.
The goblin hits you with a +0 club.
You climb upwards.
There is a stone staircase leading down here.
Unknown command.
The goblin closely misses you.
The goblin unwields a +0 club.
The goblin wields a +0 hunting sling.
The goblin shoots a stone.
The stone hits you.
Press: ? - help, Shift-Dir - straight line, f - goblin
Aim: a goblin, wielding a +0 hunting sling and quivering stones The splash of poison hits the goblin.
The goblin is heavily wounded.
The goblin hits you with a +0 club.
* * * LOW HITPOINT WARNING * * *
The goblin hits you with a +0 dagger.
* * * LOW HITPOINT WARNING * * *
The goblin shoots a stone.
The stone hits you.
You die...

..#.....##..##.#+####
#.# #........#...#.#.#
#.#
###.###.##.#.#.#.#######
#.#
##..)....#.#...........#
#.#
..##...###.##..........#
#.# ########
#.##..........# #.#
###...####.##..g.......#
#.#
#.......##.##..#)#######
#.# .........#....>#@#
#.# ....<....#....ggg#
#.# .........#.#######
#.# #.......##.# #.#
###...####.# #.# #####
#.# #.# ########'### #.#
#..........# #.#
#..........# ##### #.#


You could see a hobgoblin and 3 goblins.

Vanquished Creatures
  An endoplasm (D:1)
  A giant cockroach (D:1)
  2 kobolds (D:1)
  A quokka (D:1)
  4 ball pythons (D:1)
  A bat (D:1)
  A frilled lizard (D:1)
  5 goblins (D:1)
  2 rats (D:1)
18 creatures vanquished.

Notes
Turn   | Place    | Note
-------+----------+-------------------------------------------
     0 | D:1      | Shayle the Naga Hedge Wizard began the quest for the Orb.
     0 | D:1      | Reached XP level 1. HP: 15/15 MP: 4/4
   364 | D:1      | Reached XP level 2. HP: 24/24 MP: 6/6
   393 | D:1      | Reached skill level 1 in Invocations
   532 | D:1      | Reached skill level 1 in Fighting
   707 | D:2      | Noticed Robin
   835 | D:1      | Shot with a stone by a goblin

Illustrated notes

Levels and vault maps discovered:
D:1:      dpeg_arrival_three_same_balls, layout_basic, minmay_tromino_v4_a
D:2:      minmay_roachtagon, layout_basic, minmay_puff, uniq_robin, uniq_sigmund

Skill      XL: |  1  2 |
---------------+-------+-----
Invocations    | 1 |  1.2
Fighting       | 1 |  1.1
Dodging        | 2 |  2.0
Stealth        | |  3.0
Spellcasting   | |  3.0
Conjurations   | |  1.0
Summonings     | |  1.0
Translocations | |  1.0

Action                   || total
-------------------------++-------
Melee: Dagger            ||     9
 Cast: Magic Dart        ||     6
 Abil: Spit Poison       ||    20
  Use: Scroll            ||     2
Armor: Robe              ||     2
Dodge: Dodged            ||    18

Table legend: (Time is in decaauts)
 A = Elapsed time spent in this place.
 B = Non-inter-level travel time spent in this place.
 C = Inter-level travel time spent in this place.
 D = Time resting spent in this place.
 E = Time spent auto-exploring this place.
 F = Levels seen in this place.
 G = Mean time per level.
                   A        B        C        D        E       F      G
               +--------+--------+--------+--------+--------+-----+--------+
         Total |   1035 |   1022 |     13 |    116 |    689 |   2 |  517.5 |
       Dungeon |   1035 |   1022 |     13 |    116 |    689 |   2 |  517.5 |
               +--------+--------+--------+--------+--------+-----+--------+

Top non-repeatable levels by time:
     D:1: 1031 daAuts
     D:2: 4 daAuts
